[gd_scene load_steps=8 format=2]

[ext_resource path="res://Assets/UI/back.png" type="Texture" id=1]
[ext_resource path="res://Assets/Star Question/bad_button.png" type="Texture" id=2]
[ext_resource path="res://Assets/Star Question/good_button.png" type="Texture" id=3]
[ext_resource path="res://Assets/UI/back_rec.png" type="Texture" id=4]
[ext_resource path="res://Assets/Star Question/how_are_you.png" type="Texture" id=5]
[ext_resource path="res://Assets/Star Question/Hello!.png" type="Texture" id=6]
[ext_resource path="res://Scripts/StarQuestion.gd" type="Script" id=7]

[node name="Back" type="TextureRect"]
anchor_right = 1.0
anchor_bottom = 1.0
texture = ExtResource( 1 )
expand = true
stretch_mode = 1
__meta__ = {
"_edit_use_anchors_": false
}

[node name="CenterContainer" type="CenterContainer" parent="."]
anchor_right = 1.0
anchor_bottom = 1.0
__meta__ = {
"_edit_use_anchors_": false
}

[node name="TextureRect" type="TextureRect" parent="CenterContainer"]
margin_left = 44.0
margin_top = 35.0
margin_right = 979.0
margin_bottom = 564.0
texture = ExtResource( 4 )

[node name="CenterContainer" type="CenterContainer" parent="CenterContainer/TextureRect"]
anchor_right = 1.0
anchor_bottom = 1.0
__meta__ = {
"_edit_use_anchors_": false
}

[node name="HBoxContainer" type="HBoxContainer" parent="CenterContainer/TextureRect/CenterContainer"]
margin_left = 186.0
margin_top = 89.0
margin_right = 748.0
margin_bottom = 439.0
alignment = 1
__meta__ = {
"_edit_use_anchors_": false
}

[node name="VBoxContainer" type="VBoxContainer" parent="CenterContainer/TextureRect/CenterContainer/HBoxContainer"]
margin_right = 562.0
margin_bottom = 350.0
custom_constants/separation = 60
__meta__ = {
"_edit_use_anchors_": false
}

[node name="VBoxContainer2" type="VBoxContainer" parent="CenterContainer/TextureRect/CenterContainer/HBoxContainer/VBoxContainer"]
margin_right = 562.0
margin_bottom = 144.0

[node name="HBoxContainer" type="HBoxContainer" parent="CenterContainer/TextureRect/CenterContainer/HBoxContainer/VBoxContainer/VBoxContainer2"]
margin_right = 562.0
margin_bottom = 79.0
alignment = 1

[node name="TextureRect" type="TextureRect" parent="CenterContainer/TextureRect/CenterContainer/HBoxContainer/VBoxContainer/VBoxContainer2/HBoxContainer"]
margin_left = 163.0
margin_right = 398.0
margin_bottom = 79.0
texture = ExtResource( 6 )

[node name="TextureRect2" type="TextureRect" parent="CenterContainer/TextureRect/CenterContainer/HBoxContainer/VBoxContainer/VBoxContainer2"]
margin_top = 83.0
margin_right = 562.0
margin_bottom = 144.0
texture = ExtResource( 5 )

[node name="VBoxContainer" type="VBoxContainer" parent="CenterContainer/TextureRect/CenterContainer/HBoxContainer/VBoxContainer"]
margin_top = 204.0
margin_right = 562.0
margin_bottom = 350.0

[node name="HBoxContainer" type="HBoxContainer" parent="CenterContainer/TextureRect/CenterContainer/HBoxContainer/VBoxContainer/VBoxContainer"]
margin_right = 562.0
margin_bottom = 71.0
alignment = 1

[node name="GoodButton" type="TextureButton" parent="CenterContainer/TextureRect/CenterContainer/HBoxContainer/VBoxContainer/VBoxContainer/HBoxContainer"]
margin_left = 46.0
margin_right = 515.0
margin_bottom = 71.0
texture_normal = ExtResource( 3 )
script = ExtResource( 7 )

[node name="HBoxContainer2" type="HBoxContainer" parent="CenterContainer/TextureRect/CenterContainer/HBoxContainer/VBoxContainer/VBoxContainer"]
margin_top = 75.0
margin_right = 562.0
margin_bottom = 146.0
alignment = 1

[node name="BadButton" type="TextureButton" parent="CenterContainer/TextureRect/CenterContainer/HBoxContainer/VBoxContainer/VBoxContainer/HBoxContainer2"]
margin_left = 46.0
margin_right = 515.0
margin_bottom = 71.0
texture_normal = ExtResource( 2 )
[connection signal="pressed" from="CenterContainer/TextureRect/CenterContainer/HBoxContainer/VBoxContainer/VBoxContainer/HBoxContainer/GoodButton" to="CenterContainer/TextureRect/CenterContainer/HBoxContainer/VBoxContainer/VBoxContainer/HBoxContainer/GoodButton" method="_on_GoodButton_pressed"]
[connection signal="pressed" from="CenterContainer/TextureRect/CenterContainer/HBoxContainer/VBoxContainer/VBoxContainer/HBoxContainer2/BadButton" to="CenterContainer/TextureRect/CenterContainer/HBoxContainer/VBoxContainer/VBoxContainer/HBoxContainer/GoodButton" method="_on_BadButton_pressed"]
